 Dungeon Crawl Stone Soup version 0.25-a0-68-ge58f8a54b6 (webtiles) character file.

Game seed: 2458075624389741327, levelgen mode: deterministic

12457 iamserjio the Fighter (level 11, -11/84 (85) HPs)
             Began as an Octopode Conjurer on Nov 2, 2019.
             Was a High Priest of Ru.
             Mangled by a two-headed ogre
             ... wielding a +0 giant club
              (14 damage)
             ... on level 11 of the Dungeon.
             The game lasted 00:22:03 (18607 turns).

iamserjio the Fighter (Octopode Conjurer)          Turns: 18607, Time: 00:22:04

HP:   -11/84 (85)   AC:  1    Str: 11    XL:     11   Next: 93%
MP:   22/22         EV: 12    Int: 18    God:    Ru [*****.]
Gold: 710           SH: 15    Dex: 12    Spells: 13/14 levels left

rFire    . . .     SeeInvis +   R - +8 scimitar (flame)
rCold    + . .     Gourm    .   O - +2 large shield
rNeg     . . .     Faith    .   (helmet restricted)
rPois    .         Spirit   .   (no amulet)
rElec    .         Reflect  .   s - ring of see invisible
rCorr    .         Harm     .   B - ring of magical power
MR       .....                  F - ring of protection from fire
Stlth    +++.......             V - ring of protection from cold
HPRegen  0.24/turn              c - ring of protection from cold
MPRegen  0.18/turn              (no ring)
                                (no ring)
                                (no ring)

@: heavily drained
A: almost no armour, stealthy swim, amphibious, 8 rings, constrict 8, camouflage
1, low mp 1, gelatinous body 1, hated by all, no charms magic, no fire magic, no
hexes magic, temperature sensitive
a: Draw Out Power, Power Leap, Apocalypse, Renounce Religion


You were on level 11 of the Dungeon.
You worshipped Ru.
Ru was extremely pleased with you.
You were near starving.

You visited 1 branch of the dungeon, and saw 11 of its levels.

You collected 710 gold pieces.

Inventory:

Hand Weapons
 K - a +1 short sword of venom
 R - a +8 scimitar of flaming (weapon)
Missiles
 r - a throwing net {!f}
 L - 5 atropa-tipped darts (quivered)
Armour
 O - a +2 large shield (worn)
Jewellery
 c - a ring of protection from cold (on tentacle)
 s - a ring of see invisible (left tentacle)
 B - a ring of magical power (right tentacle)
 F - a ring of protection from fire (on tentacle)
 V - a ring of protection from cold (on tentacle)
Wands
 f - a wand of digging (7)
 l - a wand of acid (2)
 D - a wand of scattershot (2)
 I - a wand of polymorph (12)
 P - a wand of iceblast (1)
 S - a wand of disintegration (35)
Scrolls
 d - 3 scrolls of immolation
 g - a scroll of blinking
 j - 7 scrolls of remove curse {@r2}
 p - 4 scrolls of teleportation {@r3}
 v - 6 scrolls of fog
 y - 2 scrolls of amnesia
 G - 2 scrolls of fear
 W - a scroll of magic mapping {unknown}
Potions
 e - a potion of magic
 i - 5 potions of lignification
 m - 3 potions of heal wounds {unknown}
 o - 2 potions of cancellation
 q - 4 potions of curing {unknown}
 w - 6 potions of agility
 A - 2 potions of resistance
 C - a potion of flight {unknown}
 E - 3 potions of mutation {unknown}
 H - 2 potions of might {unknown}
 Q - 2 potions of brilliance {unknown}
 X - a potion of ambrosia {unknown}
Comestibles
 b - 15 rations


   Skills:
 + Level 11.9(10.1) Fighting
 * Level 7.6(5.9) Long Blades
 - Level 7.9(6.2) Dodging
 - Level 2.6(1.2) Stealth
 + Level 7.3(5.7) Shields
 - Level 2.0(0.5) Spellcasting
 - Level 4.0(2.4) Conjurations
 - Level 6.0(4.3) Evocations


You had 13 spell levels left.
You knew the following spells:

 Your Spells              Type           Power        Failure   Level  Hunger
a - Magic Dart            Conj           #...         67%         1    ##.....

Your spell library contained the following spells:

 Spells                   Type           Power        Failure   Level  Hunger
 Searing Ray              Conj           #.....       80%         2    ###....
 Poisonous Vapours        Pois/Air       #.....       98%         2    ###....
 Mephitic Cloud           Conj/Pois/Air  #.......     99%         3    ####...
 Force Lance              Conj/Tloc      #.......     100%        4    #####..
 Iskenderun's Mystic Bla  Conj           #.......     100%        4    #####..
 Freezing Cloud           Conj/Ice/Air   #.........   100%        6    #######
 Conjure Flame            Conj/Fire      Unusable     N/A         3    N/A
 Dazzling Spray           Conj/Hex       Unusable     N/A         3    N/A
 Fulminant Prism          Conj/Hex       Unusable     N/A         4    N/A
 Ring of Flames           Chrm/Fire      Unusable     N/A         7    N/A

Dungeon Overview and Level Annotations

Branches:
Dungeon (11/15)            Temple (0/1) D:7            Lair (0/6) D:9
    Orc: D:9-12

Altars:
Cheibriados
Fedhas
Makhleb
Nemelex Xobeh
Okawaru
Ru
Uskayaw
Vehumet
Zin
The Shining One

Shops:
D:9 (


Innate Abilities, Weirdness & Mutations

You cannot wear most types of armour.
You are very stealthy in the water. (Stealth+)
You are amphibious.
You can wear up to eight rings at the same time.
You can use your tentacles to constrict eight enemies at once.
Your skin changes colour to match your surroundings (Stealth+).
Your magical capacity is low. (-10% MP)
Your rubbery body absorbs attacks. (AC +1, EV +1)
You are hated by all.
You cannot study or cast Charms magic.
You cannot study or cast Fire magic.
You cannot study or cast Hexes magic.
You are sensitive to extremes of temperature. (rF-, rC-)


Message History

You are too injured to fight recklessly!
You are too injured to fight recklessly!
You are too injured to fight recklessly!
You are too injured to fight recklessly!
You are too injured to fight recklessly!
You are too injured to fight recklessly!
You are too injured to fight recklessly!
You are too injured to fight recklessly!
You are too injured to fight recklessly!
You are too injured to fight recklessly!
You are too injured to fight recklessly!
You are too injured to fight recklessly!
You are too injured to fight recklessly!
Unknown command.
You slash the two-headed ogre! You burn the two-headed ogre.
You squeeze the two-headed ogre!
The two-headed ogre hits you with a +0 giant club!!
* * * LOW HITPOINT WARNING * * *
The two-headed ogre hits you with a +0 giant club!
You die...

#.##...#####..
#.###### #.#
#.# #.# ####
#.##...##
#.#.....#
#.......#
###@....#
#O...##
.......+
##...####
##..# #.# .#
.#


You could see a two-headed ogre.

Vanquished Creatures
  Harold (D:9)
  Erica (D:9)
  A tengu warrior (D:10)
  4 two-headed ogres
  A komodo dragon (D:9)
  A hippogriff (D:7)
  A wyvern (D:8)
  18 yaks
  Eustachio (D:6)
  Grum (D:10)
  2 humans (D:9)
  2 hungry ghosts
  Edmund (D:5)
  The ghost of iamserjio the Ducker, an amateur OpGl of Hepliaklqana (D:3)
  An orc warrior (D:9)
  A hornet zombie (D:11)
  3 sky beasts
  3 ice beasts
  A black bear (D:6)
  4 ogres
  3 phantoms
  4 wolves (D:10)
  4 centaurs
  A big kobold (D:10)
  5 bullfrogs
  Blork the orc (D:6)
  A gnoll sergeant (D:8)
  A wyvern zombie (D:9)
  2 scorpions
  A howler monkey (D:9)
  2 crimson imps (D:5)
  2 quasits
  6 hounds
  A jelly (D:5)
  A gnoll shaman (D:3)
  2 orc priests (D:9)
  3 orc wizards
  Terence (D:2)
  Natasha (thrice) (D:2)
  An iguana (D:8)
  8 worker ants
  Robin (D:2)
  9 gnolls
  9 adders
  3 shadow imps
  A white imp (D:4)
  3 oozes (D:1)
  An adder zombie (D:6)
  An adder skeleton (D:4)
  2 worms
  4 dart slugs (D:1)
  10 leopard geckos
  24 orcs
  10 bats
  2 giant cockroaches
  13 goblins
  7 hobgoblins
  10 jackals
  9 kobolds
  6 quokkas
  A ball python (D:5)
  4 frilled lizards
  2 goblin skeletons (D:4)
  2 hobgoblin zombies (D:4)
  A kobold skeleton (D:4)
  A kobold zombie (D:4)
  3 orc skeletons (D:4)
  2 quokka zombies
  7 rats
  3 plants (D:10)
253 creatures vanquished.

Vanquished Creatures (others)
  A troll (D:10)
  A necrophage (D:10)
  10 plants
12 creatures vanquished.

Grand Total: 265 creatures vanquished

Notes
Turn   | Place    | Note
-------+----------+-------------------------------------------
     0 | D:1      | iamserjio the Octopode Conjurer began the quest for the
                  | Orb.
     0 | D:1      | Reached XP level 1. HP: 11/11 MP: 3/3
   161 | D:1      | Reached skill level 1 in Fighting
   161 | D:1      | Reached XP level 2. HP: 10/18 MP: 5/5
   443 | D:1      | Reached skill level 2 in Fighting
   443 | D:1      | Reached XP level 3. HP: 23/24 MP: 6/6
  1473 | D:2      | Noticed Robin
  1477 | D:2      | Reached XP level 4. HP: 24/30 MP: 7/7
  1795 | D:1      | Reached skill level 3 in Fighting
  2116 | D:2      | Killed Robin
  2364 | D:2      | Noticed Natasha
  2373 | D:2      | Killed Natasha
  2553 | D:2      | Noticed Terence
  2575 | D:2      | Killed Terence
  2575 | D:2      | Reached XP level 5. HP: 25/37 MP: 8/8
  3107 | D:2      | Found a sacrificial altar of Ru.
  3108 | D:2      | Noticed Natasha
  3113 | D:2      | Became a worshipper of Ru the Awakened
  3232 | D:2      | Killed Natasha
  3232 | D:2      | Reached skill level 4 in Fighting
  3687 | D:2      | Noticed Natasha
  3695 | D:2      | Killed Natasha
  3968 | D:3      | Reached XP level 6. HP: 37/44 MP: 9/9
  4203 | D:3      | Found a transporter.
  4204 | D:3      | Noticed iamserjio's ghost (amateur OpGl)
  4212 | D:3      | Found a transporter.
  4285 | D:3      | Found a faded altar of an unknown god.
  4777 | D:4      | Gained mutation: Your magical capacity is low. (-10% MP)
                  | [Ru sacrifice]
  4807 | D:4      | Reached skill level 5 in Fighting
  5117 | D:4      | Reached skill level 1 in Evocations
  5117 | D:4      | Reached XP level 7. HP: 25/50 MP: 9/9
  5139 | D:4      | HP: 2/50 [poisoned by a worker ant]
  5147 | D:4      | HP: 2/50 [poisoned by a worker ant]
  5522 | D:4      | Found a glowing golden altar of the Shining One.
  5723 | D:4      | You fall into a shaft and drop 1 floor!
  5723 | D:5      | Entered Level 5 of the Dungeon
  5723 | D:5      | Found a glowing silver altar of Zin.
  5999 | D:5      | Found a sparkling altar of Nemelex Xobeh.
  6211 | D:5      | Reached skill level 6 in Fighting
  6665 | D:5      | Found a hide-covered altar of Uskayaw.
  6788 | D:5      | Noticed Edmund
  6801 | D:5      | Killed Edmund
  6801 | D:5      | Reached skill level 5 in Dodging
  6801 | D:5      | Reached XP level 8. HP: 43/58 MP: 9/9
  7355 | D:6      | Noticed a yak
  7370 | D:5      | Killed a yak
  7370 | D:5      | Reached skill level 7 in Fighting
  7576 | D:6      | Noticed a yak
  7577 | D:6      | Noticed a yak
  7581 | D:6      | Noticed a yak
  7582 | D:6      | Noticed a yak
  7741 | D:6      | Noticed Blork the orc
  7754 | D:5      | Killed a yak
  7987 | D:6      | Killed a yak
  7988 | D:6      | Killed a yak
  7988 | D:6      | Killed a yak
  7988 | D:6      | Reached skill level 8 in Fighting
  7988 | D:6      | Reached XP level 9. HP: 43/66 MP: 11/11
  8006 | D:6      | Killed Blork the orc
  8006 | D:6      | Reached skill level 5 in Evocations
  8311 | D:6      | Noticed Eustachio
  8360 | D:6      | Killed Eustachio
  8962 | D:6      | Gained mutation: You are hated by all. [Ru sacrifice]
  8962 | D:6      | Reached * piety under Ru
  8962 | D:6      | Reached ** piety under Ru
  9403 | D:6      | Found a blossoming altar of Fedhas.
 10064 | D:7      | Found a sacrificial altar of Ru.
 10110 | D:7      | Found a staircase to the Ecumenical Temple.
 10132 | D:7      | Reached skill level 1 in Shields
 10903 | D:8      | Reached skill level 9 in Fighting
 11273 | D:8      | Found a snail-covered altar of Cheibriados.
 11549 | D:8      | Reached XP level 10. HP: 22/74 MP: 13/13
 11926 | D:8      | Gained mutation: You cannot study or cast Fire magic. [Ru
                  | sacrifice]
 11926 | D:8      | Gained mutation: You cannot study or cast Hexes magic. [Ru
                  | sacrifice]
 11926 | D:8      | Gained mutation: You cannot study or cast Charms magic. [Ru
                  | sacrifice]
 11926 | D:8      | Reached *** piety under Ru
 12792 | D:8      | Noticed a two-headed ogre
 12810 | D:8      | Killed a two-headed ogre
 12810 | D:8      | Reached skill level 10 in Fighting
 13102 | D:9      | Noticed Erica
 13109 | D:9      | Killed Erica
 13173 | D:9      | Found a staircase to the Lair.
 13416 | D:9      | Reached skill level 1 in Long Blades
 13416 | D:9      | Reached skill level 5 in Shields
 13844 | D:9      | Found Roluph's Antique Weapon Boutique.
 13860 | D:9      | Reached skill level 11 in Fighting
 14297 | D:9      | Found a burning altar of Makhleb.
 14333 | D:9      | Reached XP level 11. HP: 76/83 MP: 13/13
 14460 | D:9      | Found an iron altar of Okawaru.
 14596 | D:9      | Found a radiant altar of Vehumet.
 14846 | D:9      | Noticed a two-headed ogre
 14860 | D:9      | Killed a two-headed ogre
 14860 | D:9      | Reached skill level 5 in Long Blades
 15390 | D:3      | Killed iamserjio's ghost
 15743 | D:10     | Entered Level 10 of the Dungeon
 15779 | D:10     | Noticed Harold
 16206 | D:9      | Killed Harold
 16352 | D:10     | Noticed a two-headed ogre
 16356 | D:10     | Killed a two-headed ogre
 16482 | D:10     | Noticed a two-headed ogre
 16494 | D:10     | Killed a two-headed ogre
 16814 | D:9      | Gained mutation: You are sensitive to extremes of
                  | temperature. (rF-, rC-) [Ru sacrifice]
 16814 | D:9      | Reached **** piety under Ru
 16814 | D:9      | Reached ***** piety under Ru
 17501 | D:10     | Noticed Grum
 17507 | D:10     | Killed Grum
 17927 | D:10     | Noticed a tengu warrior
 17937 | D:10     | Killed a tengu warrior
 18600 | D:11     | Noticed a two-headed ogre
 18607 | D:11     | HP: 3/84 [two-headed ogre/+0 giant club (34)]
 18607 | D:11     | Mangled by a two-headed ogre

Levels and vault maps discovered:
D:1:      erik_arrival_gehennom, layout_basic
D:2:      layout_loops_corners, lemuel_crystal_altar, amethyst_killhole,
          minmay_door_square, uniq_robin, uniq_natasha, uniq_terence
D:3:      layout_rooms, gammafunk_ghost_gnarly_gnolls, first_ration,
          chequers_ecumenical_altar_simple, serial_forest,
          infiniplex_forest_lined_room_, infiniplex_forest_clump_curved,
          infiniplex_forest_clump_medium, infiniplex_forest_clump_diagonal,
          infiniplex_forest_straight_2
D:4:      minmay_skewed_foursquare, layout_rooms, nicolae_tso_besieged_by_evil
D:5:      layout_loops_corners, zin_treasury, marbit_many_paths,
          overflow_temple_1_default, uniq_edmund
D:6:      black_bear_nest_2, layout_basic, kennysheep_little_box,
          minmay_stone_trees_small, uniq_eustachio, uniq_blork_the_orc
D:7:      layout_basic, minmay_temple_entry_ruins, basic_altar
D:8:      layout_gridville, overflow_temple_1_default, serial_co_window_serial,
          co_window_of_opportunity_a, co_window_of_opportunity_a,
          co_window_paths_a, co_window_corner_a, co_window_corner_a,
          co_window_cross_2, co_window_unsneaky_path_c, co_window_corner_cb,
          co_window_broadway_a, co_window_paths_c, co_window_of_opportunity_b,
          co_window_4corner_a, glass_columns_c, glass_columns_c,
          glass_columns_b, glass_columns_c
D:9:      layout_roguey, lemuel_round_altar, okawaru_humans,
          kennysheep_mini_moat, david_lair_shrubbed, serial_shops,
          nicolae_shop_behind_doors, uniq_erica
D:10:     layout_gridville, grunt_tengu_nest, hangedman_decor_push, uniq_grum,
          uniq_harold
D:11:     layout_loops_corners, orc_0_dummy, serial_shops, shop

Skill      XL: |  1  2  3  4  5  6  7  8  9 10 11 |
---------------+----------------------------------+-----
Fighting       | 1 2 3 4 5 6 8 9 11 | 11.9
Dodging        | 3 4 5 6 7 |  7.9
Evocations     | 1 3 4 6 |  6.0
Shields        | 3 5 7 |  7.3
Long Blades    | 3 7 |  7.6
Stealth        | |  2.6
Spellcasting   | |  2.0
Conjurations   | |  4.0

Action                   |  1- 3 |  4- 6 |  7- 9 | 10-12 || total
-------------------------+-------+-------+-------+-------++-------
Melee: Dagger            |    80 |   183 |    83 |       ||   346
       Unarmed           |     3 |       |       |       ||     3
       Constrict         |    22 |    48 |    50 |    31 ||   151
       Tentacles         |    14 |    27 |    55 |    45 ||   141
       Dire flail        |       |       |     8 |       ||     8
       Flail             |       |       |   104 |    32 ||   136
       Short sword       |       |       |    63 |     2 ||    65
       Scimitar          |       |       |       |   249 ||   249
       Spear             |       |       |       |    27 ||    27
Throw: Dart              |       |       |     6 |       ||     6
       Stone             |       |       |     1 |       ||     1
Invok: Sacrifice Essence |       |     1 |       |       ||     1
       Sacrifice Love    |       |       |     1 |       ||     1
       Draw Out Power    |       |       |       |     4 ||     4
       Sacrifice Arcana  |       |       |       |     1 ||     1
       Apocalypse        |       |       |       |     2 ||     2
       Sacrifice Resista |       |       |       |     1 ||     1
Evoke: Wand              |       |    11 |    20 |     9 ||    40
  Use: Scroll            |       |       |    10 |     9 ||    19
       Potion            |       |       |       |     1 ||     1
 Stab: Sleeping          |     8 |     3 |    13 |     5 ||    29
       Distracted        |       |       |     1 |     1 ||     2
       Invisible         |       |       |       |     1 ||     1
  Eat: Chunk             |     2 |    11 |    12 |     8 ||    33
       Ration            |       |       |     2 |     5 ||     7
Armor: Skin              |    12 |    17 |    13 |     8 ||    50
Dodge: Dodged            |    59 |   145 |   182 |   117 ||   503
Block: Large shield      |       |       |    45 |   209 ||   254
       Rpst.: Scimitar   |       |       |       |    31 ||    31

Table legend:
 A = Non-vault XP
 B = Vault XP
 C = Vault XP percentage of total XP
 D = Non-vault monster count
 E = Vault monster count
 F = Vault count percentage of total count
                 A         B        C        D         E       F
            +---------+---------+-------+---------+---------+-------
      Total |   12370 |    5426 |  30.5 |     198 |      54 |  21.4
            +---------+---------+-------+---------+---------+-------
        D:1 |      70 |      26 |  27.1 |      30 |       9 |  23.1
        D:2 |     114 |      98 |  46.2 |      15 |       9 |  37.5
        D:3 |     112 |     282 |  71.6 |      20 |       8 |  28.6
        D:4 |     248 |      68 |  21.5 |       9 |      12 |  57.1
        D:5 |     762 |     288 |  27.4 |      16 |       2 |  11.1
        D:6 |    1211 |     414 |  25.5 |      20 |       3 |  13.0
        D:7 |     748 |       0 |   0.0 |      14 |       0 |   0.0
        D:8 |    2202 |       0 |   0.0 |      19 |       0 |   0.0
        D:9 |    3292 |    2745 |  45.5 |      34 |       5 |  12.8
       D:10 |    3478 |    1505 |  30.2 |      20 |       6 |  23.1
       D:11 |     133 |       0 |   0.0 |       1 |       0 |   0.0
            +---------+---------+-------+---------+---------+-------
